EL
BILOXI SHUCKERS @ ALTOONA CURVE
04/21/2044
 
TOP OF THE 1ST
Biloxi Shuckers batting - Pitching for Altoona Curve : RHP Robbie Knowles
Pitching: RHP Robbie Knowles
Batting: RHB Eric Sullivan 0-0: Called Strike
0-1: Called Strike
0-2: Ball
1-2: Ground out 1-3 (Groundball, 13S, EV 69.4 MPH)
Batting: RHB Tim Lively 0-0: Fly out, F8 (Flyball, 78M, EV 81.9 MPH)
Batting: RHB Mike Ball 0-0: Ball
1-0: Ball
2-0: Ball
3-0: Called Strike
3-1: Foul Ball, location: 2F
3-2: Foul Ball, location: 2F
3-2: Ground out 2-3 (Groundball, 13S, EV 70.0 MPH)
Top of the 1st over - 0 runs, 0 hits, 0 errors, 0 left on base; Biloxi 0 - Altoona 0
BOTTOM OF THE 1ST
Altoona Curve batting - Pitching for Biloxi Shuckers : RHP Jonathon Crunk
Pitching: RHP Jonathon Crunk
Batting: RHB Nelson Ozuna 0-0: Ball
1-0: Ball
2-0: Swinging Strike
2-1: Foul Ball, location: 2F
2-2: Fly out, F3 (Flyball, 3D, EV 80.6 MPH)
Batting: LHB Jesse Henly 0-0: Called Strike
0-1: Foul Ball, location: 2F
0-2: Ball
1-2: Fly out, F8 (Flyball, 78M, EV 85.6 MPH)
Batting: RHB Terry Sutherland 0-0: Foul Ball, location: 2F
0-1: Foul Ball, location: 2F
0-2: Foul Ball, location: 2F
0-2: Ball
1-2: Strikes out swinging
Bottom of the 1st over - 0 runs, 0 hits, 0 errors, 0 left on base; Biloxi 0 - Altoona 0
TOP OF THE 2ND
Biloxi Shuckers batting - Pitching for Altoona Curve : RHP Robbie Knowles
Batting: LHB Joe Vida 0-0: Swinging Strike
0-1: Ball
1-1: Fly out, F9 (Line Drive, 9D, EV 93.1 MPH)
Batting: RHB Carlos Salazar 0-0: Ball
1-0: Fly out, F8 (Flyball, 8LD, EV 86.2 MPH)
Batting: RHB Matthew Adams 0-0: Ball
1-0: Ground out 6-3 (Groundball, 56, EV 86.9 MPH)
Top of the 2nd over - 0 runs, 0 hits, 0 errors, 0 left on base; Biloxi 0 - Altoona 0
BOTTOM OF THE 2ND
Altoona Curve batting - Pitching for Biloxi Shuckers : RHP Jonathon Crunk
Batting: RHB Matt Keef 0-0: Ball
1-0: Called Strike
1-1: Foul Ball, location: 2F
1-2: Ball
2-2: SOLO HOME RUN (Flyball, 7D, EV 96.2 MPH), Distance : 379 ft
Batting: RHB Killian Jones 0-0: Swinging Strike
0-1: Ball
1-1: Swinging Strike
1-2: Strikes out swinging
Batting: RHB Keiji Nakajima 0-0: Foul Ball, location: 2F
0-1: Fly out, F7 (Flyball, 78D, EV 98.1 MPH)
Batting: RHB Brian Moore 0-0: Ball
1-0: Ball
2-0: Ball
3-0: Base on Balls
Batting: RHB Pedro Criollo 0-0: Ground out 4-3 (Groundball, 34, EV 105.0 MPH)
Bottom of the 2nd over - 1 run, 1 hit, 0 errors, 1 left on base; Biloxi 0 - Altoona 1
TOP OF THE 3RD
Biloxi Shuckers batting - Pitching for Altoona Curve : RHP Robbie Knowles
Batting: RHB Nick Spiller 0-0: SINGLE (Line Drive, 34D, EV 97.5 MPH)
Batting: RHB Aaron Lind 0-0: Called Strike
0-1: Ground out 4-3 (Groundball, 4, EV 86.2 MPH)
Nick Spiller to second
Batting: RHB Matt Saunders 0-0: Ball
1-0: Called Strike
1-1: Called Strike
1-2: Ball
2-2: Strikes out swinging
Batting: RHB Eric Sullivan 0-0: Called Strike
0-1: Called Strike
0-2: Strikes out looking
Top of the 3rd over - 0 runs, 1 hit, 0 errors, 1 left on base; Biloxi 0 - Altoona 1
BOTTOM OF THE 3RD
Altoona Curve batting - Pitching for Biloxi Shuckers : RHP Jonathon Crunk
Batting: RHB Slamet Pamungkas 0-0: Ball
1-0: Called Strike
1-1: Ball
2-1: Foul Ball, location: 2F
2-2: SINGLE (Groundball, 56D, EV 100.6 MPH)
Batting: RHB Nelson Ozuna 0-0: Ball
1-0: Foul Ball, location: 2F
1-1: SINGLE (Flyball, 8LS, EV 93.1 MPH)
Slamet Pamungkas to second
Runner from 2nd tries for 3rd, SAFE, throw by CF made to third
Now in CF: Alan Bianchard
Batting: LHB Jesse Henly 0-0: Reached on error, E6 (Groundball, 6, EV 101.9 MPH)
Slamet Pamungkas scores
Nelson Ozuna to second
Batting: RHB Terry Sutherland 0-0: Called Strike
0-1: Swinging Strike
0-2: Ball
1-2: DOUBLE (Line Drive, 9LM, EV 111.9 MPH)
Nelson Ozuna scores
Jesse Henly to third
Batting: RHB Matt Keef 0-0: Called Strike
0-1: SINGLE (Groundball, 4MD, EV 98.1 MPH)
Jesse Henly scores
Terry Sutherland to third
Batting: RHB Killian Jones 0-0: Ball
1-0: Swinging Strike
1-1: Called Strike
1-2: Foul Ball, location: 2F
1-2: Fly out, F8 (Flyball, 89M, EV 82.5 MPH)
Runner from 3rd tags up, OUT at HOME! 8-2
Matt Keef to second
Batting: RHB Keiji Nakajima 0-0: Ball
1-0: Ball
2-0: Foul Ball, location: 2F
2-1: Fly out, F6 (Popup, 6MS, EV 64.4 MPH)
Bottom of the 3rd over - 3 runs, 4 hits, 1 error, 1 left on base; Biloxi 0 - Altoona 4
TOP OF THE 4TH
Biloxi Shuckers batting - Pitching for Altoona Curve : RHP Robbie Knowles
Batting: RHB Tim Lively 0-0: Ball
1-0: Swinging Strike
1-1: Ball
2-1: Fly out, F6 (Popup, 6, EV 56.9 MPH)
Batting: RHB Mike Ball 0-0: Foul Ball, location: 2F
0-1: Ground out 1-6-3 (Groundball, 15S, EV 108.1 MPH)
Batting: LHB Joe Vida 0-0: Ground out 6-3 (Groundball, 6, EV 103.8 MPH)
Top of the 4th over - 0 runs, 0 hits, 0 errors, 0 left on base; Biloxi 0 - Altoona 4
BOTTOM OF THE 4TH
Altoona Curve batting - Pitching for Biloxi Shuckers : RHP Jonathon Crunk
Batting: RHB Brian Moore 0-0: Foul Ball, location: 2F
0-1: SINGLE (Groundball, P, EV 80.0 MPH) (infield hit)
Batting: RHB Pedro Criollo 0-0: Ball
1-0: Fielders Choice at 2nd, 6-4 (Groundball, 6M, EV 81.2 MPH)
Batting: RHB Slamet Pamungkas 0-0: Ball
1-0: Ball
2-0: Called Strike
2-1: Foul Ball, location: 2F
2-2: Foul Ball, location: 2F
2-2: Ball
3-2: Fielders Choice at 2nd, 3-6 (Groundball, 34S, EV 79.4 MPH)
Batting: RHB Nelson Ozuna 0-0: Ball
1-0: Called Strike
Slamet Pamungkas steals 2nd base
1-1: Ball
2-1: SINGLE (Groundball, 6M, EV 107.5 MPH) (infield hit)
Slamet Pamungkas to third
Batting: LHB Jesse Henly 0-0: Swinging Strike
0-1: Called Strike
0-2: Foul Ball, location: 2F
0-2: Ball
1-2: Foul Ball, location: 2F
1-2: Strikes out swinging
Bottom of the 4th over - 0 runs, 2 hits, 0 errors, 2 left on base; Biloxi 0 - Altoona 4
TOP OF THE 5TH
Biloxi Shuckers batting - Pitching for Altoona Curve : RHP Robbie Knowles
Batting: LHB Alan Bianchard 0-0: Ball
1-0: SINGLE (Line Drive, 78M, EV 98.1 MPH)
Batting: RHB Matthew Adams 0-0: Called Strike
0-1: Foul Ball, location: 2F
0-2: Ball
1-2: Grounds into double play, 5-4-3 (Groundball, 56, EV 80.6 MPH)
Batting: RHB Nick Spiller 0-0: Ball
1-0: Foul Ball, location: 2F
1-1: Ball
2-1: Foul Ball, location: 2F
2-2: Strikes out swinging
Top of the 5th over - 0 runs, 1 hit, 0 errors, 0 left on base; Biloxi 0 - Altoona 4
BOTTOM OF THE 5TH
Altoona Curve batting - Pitching for Biloxi Shuckers : RHP Jonathon Crunk
Batting: RHB Terry Sutherland 0-0: Ball
1-0: Ball
2-0: Ball
3-0: SOLO HOME RUN (Flyball, 78XD, EV 98.1 MPH), Distance : 399 ft
Pitching: LHP Trevor Sharp
Batting: RHB Matt Keef 0-0: Ball
1-0: Ball
2-0: Ground out 5-3 (Groundball, 56S, EV 90.0 MPH)
Batting: RHB Killian Jones 0-0: Fly out, F8 (Flyball, 8LXD, EV 104.4 MPH)
Batting: RHB Keiji Nakajima 0-0: Ball
1-0: TRIPLE (Flyball, 8LXD, EV 100.0 MPH)
Batting: RHB Brian Moore 0-0: Called Strike
0-1: Ball
1-1: Swinging Strike
1-2: Foul Ball, location: 2F
1-2: Ground out 5-3 (Groundball, 56, EV 86.2 MPH)
Bottom of the 5th over - 1 run, 2 hits, 0 errors, 1 left on base; Biloxi 0 - Altoona 5
TOP OF THE 6TH
Biloxi Shuckers batting - Pitching for Altoona Curve : RHP Robbie Knowles
Batting: RHB Aaron Lind 0-0: Called Strike
0-1: Fly out, F8 (Line Drive, 8LM, EV 93.1 MPH)
Batting: RHB Matt Saunders 0-0: Called Strike
0-1: Ball
1-1: Fly out, F8 (Flyball, 89D, EV 80.0 MPH)
Batting: RHB Eric Sullivan 0-0: Ball
1-0: Swinging Strike
1-1: Ground out 6-3 (Groundball, 6MS, EV 74.4 MPH)
Top of the 6th over - 0 runs, 0 hits, 0 errors, 0 left on base; Biloxi 0 - Altoona 5
BOTTOM OF THE 6TH
Altoona Curve batting - Pitching for Biloxi Shuckers : LHP Trevor Sharp
Batting: RHB Pedro Criollo 0-0: Swinging Strike
0-1: Ball
1-1: Ball
2-1: Foul Ball, location: 2F
2-2: DOUBLE (Flyball, 8RXD, EV 96.9 MPH) - OUT at third base trying to stretch hit.
Batting: RHB Slamet Pamungkas 0-0: Ball
1-0: Foul Ball, location: 2F
1-1: Swinging Strike
1-2: Strikes out swinging
Batting: RHB Nelson Ozuna 0-0: Called Strike
0-1: Foul Ball, location: 2F
0-2: Ball
1-2: Fly out, F9 (Line Drive, 9, EV 86.9 MPH)
Bottom of the 6th over - 0 runs, 1 hit, 0 errors, 0 left on base; Biloxi 0 - Altoona 5
TOP OF THE 7TH
Biloxi Shuckers batting - Pitching for Altoona Curve : RHP Robbie Knowles
Batting: RHB Tim Lively 0-0: Called Strike
0-1: Ball
1-1: Swinging Strike
1-2: Ground out 4-3 (Groundball, 4, EV 83.8 MPH)
Batting: RHB Mike Ball 0-0: Foul Ball, location: 2F
0-1: Ball
1-1: Ball
2-1: Fly out, F7 (Flyball, 78D, EV 93.8 MPH)
Batting: LHB Joe Vida 0-0: Ball
1-0: Called Strike
1-1: Foul Ball, location: 2F
1-2: Foul Ball, location: 2F
1-2: Ball
2-2: SINGLE (Line Drive, 6MD, EV 98.1 MPH)
Batting: LHB Alan Bianchard 0-0: Called Strike
0-1: Fly out, F7 (Flyball, 7S, EV 90.6 MPH)
Top of the 7th over - 0 runs, 1 hit, 0 errors, 1 left on base; Biloxi 0 - Altoona 5
BOTTOM OF THE 7TH
Altoona Curve batting - Pitching for Biloxi Shuckers : LHP Trevor Sharp
Batting: LHB Jesse Henly 0-0: Ball
1-0: Ball
2-0: Called Strike
2-1: DOUBLE (Line Drive, 7LM, EV 106.9 MPH)
Batting: RHB Terry Sutherland 0-0: Ball
1-0: SINGLE (Line Drive, 3D, EV 102.5 MPH)
Jesse Henly to third
Batting: RHB Matt Keef 0-0: Called Strike
0-1: Ball
1-1: Foul Ball, location: 2F
1-2: DOUBLE (Flyball, 89D, EV 89.4 MPH)
Jesse Henly scores
Terry Sutherland to third
Batting: RHB Killian Jones 0-0: Ball
1-0: Ball
2-0: Fly out, F4 (Flyball, 4D, EV 87.5 MPH)
Batting: RHB Keiji Nakajima 0-0: Ball
1-0: Ball
2-0: Ball
3-0: Base on Balls
Batting: RHB Brian Moore 0-0: Ball
1-0: Grounds into double play, 3-6-1 (Groundball, 34S, EV 77.5 MPH)
Bottom of the 7th over - 1 run, 3 hits, 0 errors, 2 left on base; Biloxi 0 - Altoona 6
TOP OF THE 8TH
Biloxi Shuckers batting - Pitching for Altoona Curve : RHP Robbie Knowles
Batting: RHB Matthew Adams 0-0: Called Strike
0-1: Foul Ball, location: 2F
0-2: Foul Ball, location: 2F
0-2: Ball
1-2: Strikes out swinging
Batting: RHB Nick Spiller 0-0: Fly out, F7 (Flyball, 7, EV 90.6 MPH)
Batting: RHB Aaron Lind 0-0: Foul Ball, location: 2F
0-1: Ball
1-1: Fly out, F9 (Line Drive, 9, EV 110.6 MPH)
Top of the 8th over - 0 runs, 0 hits, 0 errors, 0 left on base; Biloxi 0 - Altoona 6
BOTTOM OF THE 8TH
Altoona Curve batting - Pitching for Biloxi Shuckers : LHP Trevor Sharp
Batting: RHB Pedro Criollo 0-0: SINGLE (Line Drive, 8RM, EV 98.8 MPH)
Pitching: LHP Matt Hirschi
Batting: RHB Slamet Pamungkas 0-0: Fly out, F8 (Flyball, 8LM, EV 91.2 MPH)
Batting: RHB Nelson Ozuna 0-0: Called Strike
0-1: Ball
1-1: Foul Ball, location: 2F
1-2: Ball
2-2: Fielders Choice at 2nd, 6-4 (Groundball, 6, EV 84.4 MPH)
Batting: LHB Jesse Henly 0-0: Called Strike
0-1: Foul Ball, location: 2F
0-2: Ball
1-2: Ball
2-2: Ball
3-2: SINGLE (Groundball, 5S, EV 70.0 MPH) (infield hit)
Nelson Ozuna to second
Batting: RHB Terry Sutherland 0-0: DOUBLE (Flyball, 8LXD, EV 91.9 MPH)
Nelson Ozuna scores
Jesse Henly to third
Runner from 3rd tries for Home, SAFE, throw by CF to trailing runner, SAFE at third!
Batting: RHB Matt Keef 0-0: Called Strike
0-1: Ball
1-1: Ball
2-1: Ball
3-1: Base on Balls
Batting: RHB Killian Jones 0-0: Foul Ball, location: 2F
0-1: Ball
1-1: Called Strike
1-2: Ball
2-2: Ball
3-2: Foul Ball, location: 2F
3-2: Base on Balls
Matt Keef to second
Pitching: RHP Austin Trzcinski
Batting: RHB Keiji Nakajima 0-0: Ball
1-0: Swinging Strike
1-1: Fly out, F9 (Flyball, 89S, EV 83.8 MPH)
Bottom of the 8th over - 2 runs, 3 hits, 0 errors, 3 left on base; Biloxi 0 - Altoona 8
TOP OF THE 9TH
Biloxi Shuckers batting - Pitching for Altoona Curve : RHP Robbie Knowles
Batting: RHB Matt Saunders 0-0: Called Strike
0-1: Called Strike
0-2: Ball
1-2: Strikes out swinging
Batting: RHB Eric Sullivan 0-0: Ground out 6-3 (Groundball, 6MD, EV 99.4 MPH)
Batting: RHB Tim Lively 0-0: Foul Ball, location: 2F
0-1: Fly out, F7 (Flyball, 7LM, EV 91.9 MPH)
Top of the 9th over - 0 runs, 0 hits, 0 errors, 0 left on base; Biloxi 0 - Altoona 8
Thursday, March 31st , 2022 - OOTP Baseball 22.12 Build 89